 Seeded DCSS version 0.30-a0-637-gacddeb6 (webtiles) character file.

Game seed: 845524621402357905 (custom seed)

1722 Sixotanaka the Scholar of Death (level 8, -1/52 HPs)
             Began as a Mummy Necromancer on Jan 16, 2023.
             Was a Follower of Kikubaaqudgha.
             Engulfed by a cloud of steam (4 damage)
             ... on level 8 of the Dungeon.
             The game lasted 00:20:00 (7175 turns).

Sixotanaka the Scholar of Death (Mummy Necromancer) Turns: 7175, Time: 00:20:00

Health: -1/52      AC:  5    Str: 12    XL:     8   Next: 75%
Magic:  4/15       EV: 17    Int: 16    God:    Kikubaaqudgha [*.....]
Gold:   382        SH:  0    Dex: 12    Spells: 8/17 levels left

rFire   . . .      SeeInvis .    p - +2 short sword (protect)
rCold   . . .      Faith    +    (no shield)
rNeg    + + +      Spirit   .    a - +0 robe
rPois   ∞          Reflect  .    q - +0 helmet
rElec   .          Harm     .    (no cloak)
rCorr   .          Rampage  .    e - +0 pair of gloves
Will    +....                    u - +0 pair of boots
Stlth   ++                       (no amulet)
HPRegen 0.28/turn                r - +5 ring of evasion
MPRegen 0.14/turn                d - ring of fire

@: about to teleport
A: cold resistance 1, negative energy resistance 3, torment resistance 2, heat
vulnerability 1, in touch with death 1, no potions, faith
a: Renounce Religion, Unearth Wretches


You were on level 8 of the Dungeon.
You worshipped Kikubaaqudgha.
Kikubaaqudgha was aware of your devotion.
You visited 2 branches of the dungeon, and saw 9 of its levels.

You collected 404 gold pieces.
You spent 22 gold pieces at shops.

Inventory:

Hand Weapons
 b - a +0 dagger of electrocution
 i - the +4 dagger of Absolution {freeze, rN+ Will+}
   (You found it on level 2 of the Dungeon)

   rN:        It protects you from negative energy.
   Will:      It increases your willpower.
 p - a +2 short sword of protection (weapon)
Armour
 a - a +0 robe (worn)
 e - a +0 pair of gloves (worn)
 m - a +2 kite shield
 q - a +0 helmet (worn)
 u - a +0 pair of boots (worn)
Jewellery
 d - a ring of fire (right hand)
 h - a +6 ring of strength
 o - a +4 ring of protection
 r - a +5 ring of evasion (left hand)
 s - a ring of protection from fire
Scrolls
 c - 2 scrolls of vulnerability
 f - 3 scrolls of enchant weapon
 g - 2 scrolls of enchant armour
 j - 3 scrolls of teleportation
 k - a scroll of butterflies
 l - a scroll of brand weapon {unknown}
 n - 2 scrolls of magic mapping {unknown}
 t - 2 scrolls of fear {unknown}


   Skills:
 - Level 1.5 Dodging
 - Level 1.5 Stealth
 - Level 5.0 Spellcasting
 + Level 11.4 Necromancy


You had 8 spell levels left.
You knew the following spells:

 Your Spells              Type           Power      Damage    Failure   Level
a - Necrotise             Necr           100%       1d9       1%          1
b - Vampiric Draining     Necr           57%        2d10      1%          3
c - Animate Dead          Necr           57%        N/A       1%          4
d - Kiss of Death         Conj/Necr      100%       2d13      1%          1

Your spell library contained the following spells:

 Spells                   Type           Power      Damage    Failure   Level
 Agony                    Necr           57%        N/A       3%          5
 Dazzling Flash           Conj/Hex       8%         N/A       41%         3
 Gell's Gravitas          Tloc           4%         N/A       41%         3
 Teleport Other           Tloc           4%         N/A       41%         3
 Simulacrum               Ice/Necr       16%        N/A       92%         6
 Freezing Cloud           Conj/Ice/Air   2%         6-21      99%         5
 Silence                  Hex/Air        2%         N/A       99%         5
 Dispersal                Tloc           2%         N/A       100%        6
 Polar Vortex             Ice            2%         N/A       100%        9


Dungeon Overview and Level Annotations

Branches:
Dungeon (8/15)             Temple (1/1) D:4
   Lair: D:8-11

Altars:
Cheibriados
Dithmenos
Fedhas
Gozag
Hepliaklqana
Kikubaaqudgha
Makhleb
Nemelex Xobeh
Okawaru
Qazlal
Ru
Sif Muna
Trog
Uskayaw
Vehumet
Wu Jian
Xom
Yredelemnul

Shops:
D:5 *

Annotations:
D:7 2 transporters, 1 runed translucent door, Crazy Yiuf; Geeful's ghost, novice DsCj


Innate Abilities, Weirdness & Mutations

You are immune to poison.
Your flesh is cold resistant. (rC+)
You are immune to negative energy. (rN+++)
You are immune to unholy pain and torment.
You are vulnerable to heat. (rF-)
You are in touch with the powers of death.
You do not drink.
You have a special connection with the divine. (Faith)


Message History

Confirm with . or Enter, or press ? or * to list all spells.
Aiming: Necrotise (safe; 1% risk of failure)
Press: ? - help, Shift-Dir - straight line, f/p - steam dragon
Aim: a steam dragon (steam, lightly wounded, catching its breath, chance to affect: 83%)
You feel a surge of power!
The steam dragon writhes in agony!
You are engulfed in a cloud of scalding steam.
Casting: Necrotise (safe; 1% risk of failure)
Confirm with . or Enter, or press ? or * to list all spells.
Aiming: Vampiric Draining (safe; 1% risk of failure)
Press: ? - help, Shift-Dir - straight line, f/p - steam dragon
Aim: a steam dragon (moderately wounded, catching its breath)
You feel a surge of power!
You draw life force from the steam dragon!
You feel life coursing into your body. The steam dragon bites you.
* * * LOW HITPOINT WARNING * * *
The steam dragon barely misses you.
Casting: Vampiric Draining (safe; 1% risk of failure)
Confirm with . or Enter, or press ? or * to list all spells.
Aiming: Vampiric Draining (safe; 1% risk of failure)
Press: ? - help, Shift-Dir - straight line, f/p - steam dragon
Aim: a steam dragon (severely wounded)
You feel a surge of power!
You draw life force from the steam dragon!
You feel life coursing into your body. The steam dragon breathes steam at you.
The ball of steam hits you!
* * * LOW HITPOINT WARNING * * *
Casting: Vampiric Draining (safe; 1% risk of failure)
Confirm with . or Enter, or press ? or * to list all spells.
Aiming: Vampiric Draining (safe; 1% risk of failure)
Press: ? - help, Shift-Dir - straight line, f/p - steam dragon
Aim: a steam dragon (almost dead, catching its breath)
You feel a surge of power!
You draw life force from the steam dragon!
You kill the steam dragon!
Kikubaaqudgha accepts your kill.
You feel life coursing into your body.
You are engulfed in a cloud of scalding steam.
You die...
Kikubaaqudgha rasps: "You have failed me!
Welcome... oblivion!"

..#########
.......@§§#
..#######.#
#.# #.# #.#
####.#####
#........#
#.##.###.#
#.##.# #.#


There were no monsters in sight!

Vanquished Creatures
  A steam dragon (D:8)
  4 sky beasts
  A black bear (D:6)
  An ice beast (D:6)
  A phantom (D:7)
  2 bullfrogs
  A kobold brigand (D:5)
  2 scorpions
  4 wights (D:6)
  5 hounds
  3 jellies
  2 iguanas
  An orc wizard (D:4)
  3 gnolls (D:6)
  5 adders
  A white imp (D:6)
  A worm (D:2)
  2 dart slugs
  5 orcs
  5 ball pythons
  8 bats
  8 endoplasms
  7 giant cockroaches
  5 goblins
  6 hobgoblins
  3 jackals (D:1)
  11 kobolds
  3 quokkas
  A frilled lizard (D:2)
  3 rats
105 creatures vanquished.

Vanquished Creatures (collateral kills)
  An ice beast (D:7)
  An endoplasm (D:1)
  2 ball pythons
  A rat (D:1)
  A butterfly (D:4)
6 creatures vanquished.

Vanquished Creatures (others)
  2 plants
2 creatures vanquished.

Grand Total: 113 creatures vanquished

Notes
Turn   | Place    | Note
-------+----------+-------------------------------------------
     0 | D:1      | Sixotanaka the Mummy Necromancer began the quest for the
                  | Orb.
     0 | D:1      | Reached XP level 1. HP: 13/13 MP: 4/4
   285 | D:1      | Reached XP level 2. HP: 18/19 MP: 0/5
   583 | D:1      | Reached skill level 5 in Necromancy
   694 | D:1      | Gained mutation: You are in touch with the powers of death.
                  | [Mummy growth]
   694 | D:1      | Reached XP level 3. HP: 24/24 MP: 4/7
  1042 | D:2      | Identified the +4 dagger of Absolution {freeze, rN+ Will+}
  1093 | D:2      | Identified the +8 short sword "Petu" {freeze, Int+6}
  1224 | D:2      | You fall into a shaft and drop 1 floor!
  1574 | D:3      | Reached XP level 4. HP: 30/30 MP: 5/8
  2219 | D:2      | Found a faded altar of an unknown god.
  2668 | D:4      | Learned a level 3 spell: Vampiric Draining
  2672 | D:4      | Reached skill level 6 in Necromancy
  2710 | D:4      | Found a staircase to the Ecumenical Temple.
  2719 | Temple   | Entered the Ecumenical Temple
  2975 | D:4      | Found a blossoming altar of Fedhas.
  3104 | D:4      | Noticed a scorpion
  3107 | D:4      | Reached XP level 5. HP: 35/35 MP: 6/9
  3613 | D:5      | Entered Level 5 of the Dungeon
  3646 | D:5      | Found a burning altar of Makhleb.
  3652 | D:5      | Found an ornate altar of the Wu Jian Council.
  3655 | D:5      | Found an ancient bone altar of Kikubaaqudgha.
  3655 | D:5      | Found a basalt altar of Yredelemnul.
  3659 | D:5      | Became a worshipper of Kikubaaqudgha
  3662 | D:5      | Found a sacrificial altar of Ru.
  3674 | D:5      | Reached skill level 7 in Necromancy
  3745 | D:5      | Found Byuklojo's General Store.
  3754 | D:5      | Bought a scroll of identify for 22 gold pieces
  3768 | D:5      | Reached XP level 6. HP: 38/41 MP: 3/10
  4328 | D:5      | Reached skill level 8 in Necromancy
  4709 | D:6      | Reached XP level 7. HP: 42/46 MP: 3/11
  4864 | D:6      | Reached skill level 9 in Necromancy
  4990 | D:6      | Learned a level 4 spell: Animate Dead
  5294 | D:6      | Reached skill level 10 in Necromancy
  5501 | D:6      | Reached XP level 8. HP: 52/52 MP: 2/12
  6302 | D:7      | Reached skill level 11 in Necromancy
  6711 | D:7      | Reached * piety under Kikubaaqudgha
  6711 | D:7      | Received a gift from Kikubaaqudgha
  6712 | D:7      | Reached skill level 5 in Spellcasting
  6876 | D:7      | Found a transporter.
  6876 | D:7      | Found a transporter.
  6877 | D:7      | Noticed Geeful's ghost (novice DsCj)
  6891 | D:7      | Learned a level 1 spell: Kiss of Death
  7099 | D:7      | Found a runed translucent door.
  7100 | D:7      | Noticed Crazy Yiuf
  7174 | D:8      | HP: 2/52 [steam dragon/ball of steam (13)]
  7175 | D:8      | Engulfed by a cloud of steam

Illustrated notes

Levels and vault maps discovered:
D:1:      psy_arrival_basics, layout_basic, corner_web_ring
D:2:      layout_rooms, shapermc_ecumenical_altar_mp_urbaneastern,
          serial_rivers, chequers_serial_rivers_small_a,
          chequers_serial_rivers_room_b, chequers_serial_rivers_small_a,
          chequers_serial_rivers_large_b
D:3:      layout_loops_ring, serial_bayou_lagoon_b
D:4:      layout_loops_ring, amcnicky_altar_gilded,
          minmay_temple_entry_butterflies
D:5:      layout_gridville, nicolae_overflow_hallway_of_the_gods, serial_shops,
          nicolae_shop_stone
D:6:      black_bear_nest_2, layout_loops_corners, serial_glass,
          glass_columns_a, glass_columns_a
D:7:      layout_cave_pools, gammafunk_ghost_hive, uniq_crazy_yiuf_cottage
D:8:      layout_loops_corners, lair_entry_dummy, special_room
          [special_room_orc]
Temple:   eino_wide_crystal_templ

Skill      XL: |  1  2  3  4  5  6  7  8 |
---------------+-------------------------+-----
Necromancy     | 5 6 7 8 10 11 | 11.4
Spellcasting   | 3 5 |  5.0
Dodging        | |  1.5
Stealth        | |  1.5

Action                   |  1- 3 |  4- 6 |  7- 9 || total
-------------------------+-------+-------+-------++-------
Melee: Spear             |    15 |       |       ||    15
       Dagger            |     3 |    12 |    64 ||    79
       Short sword       |       |       |     6 ||     6
 Cast: Necrotise         |    76 |    94 |    43 ||   213
       Vampiric Draining |       |     2 |    17 ||    19
       Animate Dead      |       |       |     4 ||     4
Evoke: Wand              |       |       |    20 ||    20
  Use: Scroll            |       |     5 |     2 ||     7
Armor: Robe              |     5 |    10 |    25 ||    40
Dodge: Dodged            |    14 |    20 |    49 ||    83

Table legend: (Time is in decaauts)
 A = Elapsed time spent in this place.
 B = Non-inter-level travel time spent in this place.
 C = Inter-level travel time spent in this place.
 D = Time resting spent in this place.
 E = Time spent auto-exploring this place.
 F = Levels seen in this place.
 G = Mean time per level.
                   A        B        C        D        E       F      G
               +--------+--------+--------+--------+--------+-----+--------+
         Total |   7220 |   6877 |    343 |   1072 |   4744 |   9 |  802.2 |
       Dungeon |   7165 |   6829 |    336 |   1072 |   4711 |   8 |  895.6 |
        Temple |     55 |     48 |      7 |      0 |     33 |   1 |   55.0 |
               +--------+--------+--------+--------+--------+-----+--------+

Top non-repeatable levels by time:
     D:6: 1745 daAuts
     D:1: 1032 daAuts
     D:7: 973 daAuts
     D:3: 941 daAuts
     D:4: 899 daAuts
     D:5: 796 daAuts
     D:2: 734 daAuts
  Temple: 55 daAuts
     D:8: 41 daAuts
